 Dungeon Crawl Stone Soup version 0.28.0-49-g6dfe1f597d (webtiles) character file.

Game seed: 10328572269996726136

93566 Atelerd the Thaumaturge (level 16, 0/110 HPs)
             Began as an Octopode Earth Elementalist on May 11, 2022.
             Was a High Priest of Sif Muna.
             Slain by an entropy weaver simulacrum (18 damage)
             ... in an ice cave.
             The game lasted 01:19:40 (32828 turns).

Atelerd the Thaumaturge (OpEE)                     Turns: 32828, Time: 01:19:40

Health: 0/110      AC:  5    Str:  9      XL:     16   Next: 9%
Magic:  20/42      EV: 15    Int: 23 (24) God:    Sif Muna [*****.]
Gold:   1681       SH:  4    Dex: 10 (12) Spells: 8/42 levels left

rFire   . . .      SeeInvis +   H - +2 dagger (elec)
rCold   + . .      Faith    .   j - orb {guile}
rNeg    . . .      Spirit   .   I - +2 hat {Stlth+}
rPois   +          Reflect  .   p - amulet of Vitality {Regen+ HP+15}
rElec   .          Harm     .   t - ring of willpower
rCorr   +          Rampage  .   F - ring of see invisible
Will    +....                   f - ring of poison resistance
Stlth   +++++++...              L - ring of magical power
HPRegen 1.08/turn               S - ring of willpower
MPRegen 0.28/turn               W - ring of protection from fire
                                Z - ring of resist corrosion
                                X - ring of ice

@: very slightly contaminated, unable to read
A: almost no armour, amphibious, 8 rings, camouflage 1, gelatinous body 1,
(nimble swimmer 1), tentacles, iridescent scales 1, large bone plates 1,
inability to read while threatened
a: Renounce Religion, Channel Magic, Forget Spell, Divine Exegesis


You were in an ice cave.
You worshipped Sif Muna.
Sif Muna was extremely pleased with you.
You visited 5 branches of the dungeon, and saw 25 of its levels.
You also visited: Gauntlet and Ice Cave.

You collected 1939 gold pieces.
You spent 258 gold pieces at shops.

Inventory:

Hand Weapons
 H - a +2 dagger of electrocution (weapon)
 M - a +2 dagger of protection
 T - a +2 great sword of protection
Missiles
 e - 193 stones
Armour
 j - an orb of guile (worn)
 I - a +2 hat of stealth (worn)
Magical Staves
 a - a staff of earth
Jewellery
 f - a ring of poison resistance (on tentacle)
 p - the amulet of Vitality (around mantle) {Regen+ HP+15}
   (You found it on level 3 of the Dungeon)

   [amulet of regeneration]

   HP:        It affects your health (+15).
   Regen:     It increases your rate of health regeneration.
 t - a ring of willpower (left tentacle)
 y - a ring of flight
 F - a ring of see invisible (right tentacle)
 L - a ring of magical power (on tentacle)
 N - a ring of see invisible
 O - the ring "Buguc" {Fire rElec rPois Str+2 Slay-5}
   (You took it off a minotaur in a Gauntlet)

   [ring of fire]

   It enhances your fire magic.
   Str:       It affects your strength (+2).
   Slay:      It affects your accuracy & damage with ranged weapons and melee
   (-5).
   rF:        It protects you from fire.
   rC:        It makes you vulnerable to cold.
   rElec:     It insulates you from electricity.
   rPois:     It protects you from poison.
 S - a ring of willpower (on tentacle)
 W - a ring of protection from fire (on tentacle)
 X - a ring of ice (on tentacle)
 Z - a ring of resist corrosion (on tentacle)
Wands
 A - a wand of flame (51)
 E - a wand of iceblast (5)
 Q - a wand of polymorph (3)
Scrolls
 b - a scroll of amnesia {unknown}
 d - 2 scrolls of brand weapon
 k - 2 scrolls of vulnerability
 l - 5 scrolls of fear
 s - 6 scrolls of enchant armour
 v - 2 scrolls of fog
 x - 5 scrolls of immolation
 z - 2 scrolls of enchant weapon
 C - 6 scrolls of teleportation
 D - 5 scrolls of silence
 G - 2 scrolls of holy word
 J - a scroll of blinking {unknown}
 K - 6 scrolls of noise {unknown}
 P - 2 scrolls of magic mapping
 R - a scroll of acquirement {unknown}
Potions
 c - a potion of lignification
 g - a potion of resistance
 h - a potion of magic
 i - 5 potions of curing
 n - 3 potions of might
 o - 3 potions of flight
 q - 5 potions of attraction
 r - 4 potions of brilliance
 u - 4 potions of degeneration
 w - 2 potions of invisibility
 B - 2 potions of ambrosia {unknown}
 V - 3 potions of mutation
Miscellaneous
 U - a phial of floods


   Skills:
 - Level 4.0 Fighting
 - Level 8.0 Short Blades
 - Level 0.3 Staves
 - Level 8.0 Dodging
 - Level 12.0 Stealth
 - Level 0.3 Unarmed Combat
 - Level 13.7 Spellcasting
 - Level 8.0 Conjurations
 + Level 6.0 Summonings
 - Level 6.0 Necromancy
 - Level 3.0 Transmutations
 + Level 3.1 Fire Magic
 - Level 6.0 Ice Magic
 - Level 7.2 Air Magic
 - Level 10.0 Earth Magic
 - Level 2.0 Poison Magic
 - Level 9.0 Invocations


You had 8 spell levels left.
You knew the following spells:

 Your Spells              Type           Power      Damage    Failure   Level
a - Sandblast             Erth           100%       2d20      1%          1
b - Mephitic Cloud        Conj/Pois/Air  42%        N/A       1%          3
c - Haunt                 Necr/Summ      21%        N/A       95%         7
d - Passwall              Tmut/Erth      37%        N/A       1%          2
e - Fireball              Conj/Fire      20%        3d10      11%         5
f - Ignite Poison         Fire/Tmut/Pois 28%        N/A       3%          3
p - Petrify               Tmut/Erth      45%        N/A       2%          4
s - Airstrike             Air            24%        N/A       1%          4
u - Freezing Cloud        Conj/Ice/Air   32%        6-21      6%          5

Your spell library contained the following spells:

 Spells                   Type           Power      Damage    Failure   Level
 Foxfire                  Conj/Fire      100%       2x1d9     1%          1
 Freeze                   Ice            100%       1d11      1%          1
 Shock                    Conj/Air       100%       1d9       1%          1
 Ensorcelled Hibernation  Hex/Ice        88%        N/A       1%          2
 Call Canine Familiar     Summ           43%        N/A       1%          3
 Conjure Flame            Conj/Fire      41%        6-21      1%          3
 Ozocubu's Armour         Ice            60%        N/A       1%          3
 Stone Arrow              Conj/Erth      100%       3d13      1%          3
 Summon Lightning Spire   Summ/Air       46%        N/A       2%          4
 Animate Dead             Necr           21%        N/A       3%          4
 Summon Ice Beast         Ice/Summ       60%        N/A       3%          4
 Spider Form              Tmut/Pois      27%        N/A       4%          3
 Flame Wave               Conj/Fire      41%        2d9       4%          4
 Leda's Liquefaction      Hex/Erth       19%        N/A       4%          4
 Sticky Flame             Conj/Fire      41%        2d6       4%          4
 Iskenderun's Battlesphe  Conj           51%        2d10      4%          5
 Lightning Bolt           Conj/Air       25%        1d41      4%          5
 Inner Flame              Hex/Fire       22%        N/A       6%          3
 Fulminant Prism          Conj/Hex       17%        3d11      8%          4
 Anguish                  Hex/Necr       14%        N/A       11%         4
 Portal Projectile        Hex/Tloc       30%        N/A       12%         3
 Conjure Ball Lightning   Conj/Air       25%        3x3d7     26%         6
 Simulacrum               Ice/Necr       30%        N/A       45%         6
 Eringya's Noxious Bog    Tmut/Pois      13%        N/A       91%         6
 Ozocubu's Refrigeration  Ice            30%        4d11      95%         7
 Storm Form               Tmut/Air       19%        N/A       98%         7
 Infestation              Necr           21%        N/A       100%        8
 Chain Lightning          Conj/Air       25%        3d33      100%        9
 Fire Storm               Conj/Fire      20%        8d5       100%        9
 Polar Vortex             Ice            30%        N/A       100%        9


Dungeon Overview and Level Annotations

Branches:
Dungeon (15/15)            Temple (1/1) D:5            Lair (6/6) D:10
  Swamp (0/4) Lair:2       Spider (0/4) Lair:4        Slime (0/5) Lair:5
    Orc (2/2) D:11            Elf (1/3) Orc:2        Vaults (0/5) D:13
 Depths (0/4) D:15          IceCv (1/1)             Gauntlet (visited)

Altars:
Ashenzari
Cheibriados
Dithmenos
Elyvilon
Fedhas
Gozag
Kikubaaqudgha
Makhleb
Nemelex Xobeh
Okawaru
Qazlal
Ru
Sif Muna
Uskayaw
Vehumet
Wu Jian
Xom
Yredelemnul
Zin
The Shining One
Beogh
Jiyva

Shops:
D:3 *   D:9 :   D:14 (   Orc:1 (   Orc:2 [[[[

Annotations:
D:2 exclusion: downstairs
D:3 exclusion: downstairs
D:5 exclusion: downstairs
D:12 Fannar
Lair:2 3 runed translucent doors, spica's ghost, journeyman MiBe
Lair:3 exclusion: downstairs
Lair:5 1 runed translucent door, exclusion: 2 downstairs


Innate Abilities, Weirdness & Mutations

You cannot wear most types of armour.
You are amphibious.
You can wear up to eight rings at the same time.
Your skin changes colour to match your surroundings (Stealth+).
Your rubbery body absorbs attacks. (AC +1, EV +1)
((You are camouflaged when in or above water. (Stealth+)))
You have tentacles for arms and can constrict up to eight enemies at once.
You are partially covered in iridescent scales. (AC +2)
You are partially covered in large bone plates. (SH +4)
You sometimes lose the ability to read scrolls when taking damage.


Message History

You can read scrolls again.
The entropy weaver simulacrum stops moving altogether!
The helpless entropy weaver simulacrum fails to defend itself.
You skewer the entropy weaver simulacrum like a kebab!!!
The entropy weaver simulacrum vaporises!
Sif Muna accepts your kill.
Casting: Sandblast (safe; 1% risk of failure)
Confirm with . or Enter, or press ? or * to list all spells.
Aiming: Petrify (mildly dangerous; 2% risk of failure)
Press: ? - help, Shift-Dir - straight line, f - entropy weaver simulacrum
Aim: an entropy weaver simulacrum (chance to affect: 83%)
You miscast Petrify.
You are very lightly contaminated with residual magic.
Nothing appears to happen.
The entropy weaver simulacrum closely misses you.
The entropy weaver simulacrum hits you.
The entropy weaver simulacrum freezes you!
You resist. The entropy weaver simulacrum hits you.
The entropy weaver simulacrum freezes you!
You resist. The entropy weaver simulacrum hits you.
The entropy weaver simulacrum freezes you!
You resist.
Unknown command.
Casting: Petrify (mildly dangerous; 2% risk of failure)
Confirm with . or Enter, or press ? or * to list all spells.
Aiming: Petrify (mildly dangerous; 2% risk of failure)
Press: ? - help, Shift-Dir - straight line, f/p - entropy weaver simulacrum
Aim: an entropy weaver simulacrum (chance to affect: 83%)
You miscast Petrify.
Nothing appears to happen.
The entropy weaver simulacrum barely misses you.
The entropy weaver simulacrum hits you.
The entropy weaver simulacrum freezes you!!
You resist.
You feel threatened and lose the ability to read scrolls!
* * * LOW HITPOINT WARNING * * *
The entropy weaver simulacrum hits you.
* * * LOW HITPOINT WARNING * * *
The entropy weaver simulacrum freezes you!!
You resist.
You die...

##..# #..# ## #..## ###
.## #...## ##..# ..##
##...#####..# ...
#....##...### ###.# .#
#...#..##...#####
##..#...#
#...#######..##.###....#
###.# #..#.@Z...#####
### ###########


You could see an entropy weaver simulacrum.

Vanquished Creatures
  Rupert (Lair:4)
  An orc warlord (Orc:2)
  An ironbound preserver (D:13)
  A minotaur (Gauntlet)
  Snorg (Lair:4)
  A fire dragon (Lair:6)
  A rakshasa (D:15)
  10 hydras
  Erolcha (D:13)
  An ice dragon (Lair:4)
  3 boulder beetles
  3 centaur warriors
  7 two-headed ogres
  2 catoblepae
  4 tengu warriors
  Urug (D:13)
  6 orc high priests
  Sonja (Lair:1)
  4 skeletal warriors
  A spriggan simulacrum (IceCv)
  2 wizards (Gauntlet)
  A lindwurm (Lair:6)
  5 orc knights
  A deep elf zephyrmancer (Elf:1)
  2 deep elf pyromancers
  5 orc sorcerers
  10 ugly things
  2 cyclopes (D:13)
  4 manticores
  3 elephants (Lair:5)
  An eye of devastation (Gauntlet)
  A moth of wrath (Gauntlet)
  6 black mambas
  3 molten gargoyles (Lair:6)
  Maurice (D:8)
  An unseen horror (D:13)
  2 freezing wraiths (D:15)
  13 cane toads
  2 rime drakes
  13 komodo dragons
  A kobold demonologist (D:13)
  A tengu conjurer (D:13)
  An efreet (D:15)
  3 entropy weaver simulacra (IceCv)
  7 trolls
  3 polar bears
  Prince Ribbit (D:6)
  A hornet (D:9)
  13 dream sheep
  15 blink frogs
  A shadow (D:13)
  2 vampires
  10 basilisks
  10 wyverns
  44 yaks
  10 vampire mosquitoes
  A human (shapeshifter) (D:13)
  2 minotaur simulacra (IceCv)
  3 steam dragons
  3 wargs
  3 redbacks
  Edmund (D:6)
  17 water moccasins
  3 hell hounds (Lair:6)
  A floating eye (Gauntlet)
  4 black bears
  4 ice beasts
  38 orc warriors
  A sky beast (D:6)
  An alligator simulacrum (IceCv)
  16 ogres
  4 boggarts (Lair:6)
  2 centaurs
  17 wolves
  3 kobold brigands
  Blork the orc (D:6)
  9 bullfrogs
  3 scorpions
  6 deep troll simulacra (IceCv)
  A wyvern skeleton (D:7)
  2 water moccasin skeletons
  A lindwurm simulacrum (IceCv)
  6 howler monkeys
  6 wights
  5 lava snakes (Lair:6)
  7 centaur zombies
  4 hounds
  33 orc priests
  2 jellies
  A gnoll shaman (D:8)
  2 bullfrog skeletons
  4 hell rats (Lair:6)
  An iguana (D:5)
  27 orc wizards
  2 howler monkey zombies
  Robin (D:3)
  6 gnolls
  13 adders
  7 shadow imps
  4 white imps
  An ufetubus (D:4)
  2 adder skeletons (D:4)
  A worm (D:3)
  A dart slug (D:3)
  97 orcs
  13 ball pythons
  9 bats
  7 endoplasms
  A giant cockroach (D:2)
  8 goblins
  11 hobgoblins
  7 quokkas
  3 frilled lizards
  17 kobolds
  9 rats
717 creatures vanquished.

Vanquished Creatures (others)
  59 fungi
  63 plants
  6 toadstools (D:15)
128 creatures vanquished.

Grand Total: 845 creatures vanquished

Notes
Turn   | Place    | Note
-------+----------+-------------------------------------------
     0 | D:1      | Atelerd the Octopode Earth Elementalist began the quest for
                  | the Orb.
     0 | D:1      | Reached XP level 1. HP: 11/11 MP: 3/3
   295 | D:1      | Reached XP level 2. HP: 16/17 MP: 1/5
   511 | D:1      | Found a faded altar of an unknown god.
  1249 | D:2      | Reached XP level 3. HP: 21/21 MP: 4/6
  1766 | D:2      | Reached XP level 4. HP: 16/27 MP: 8/8
  2288 | D:3      | Noticed Robin
  2431 | D:3      | Reached skill level 3 in Spellcasting
  2449 | D:3      | Found Dugeby's Assorted Antiques.
  2530 | D:3      | Killed Robin
  2882 | D:3      | Reached XP level 5. HP: 29/32 MP: 7/9
  3056 | D:3      | Reached skill level 1 in Short Blades
  3266 | D:3      | Learned a level 4 spell: Petrify
  3444 | D:3      | Found the amulet of Vitality {Regen+ HP+15}
  3882 | D:4      | Noticed an ogre
  3884 | D:4      | Reached XP level 6. HP: 27/37 MP: 5/11
  4505 | D:4      | Reached skill level 4 in Spellcasting
  4505 | D:4      | Reached skill level 5 in Earth Magic
  4505 | D:4      | Reached XP level 7. HP: 32/42 MP: 0/13
  4801 | D:5      | Entered Level 5 of the Dungeon
  5335 | D:5      | Gained mutation: You sometimes lose the ability to read
                  | scrolls when taking damage. [potion of mutation]
  5335 | D:5      | Gained mutation: You passively map a small area around you.
                  | [potion of mutation]
  5335 | D:5      | Gained mutation: You do not regenerate when monsters are
                  | visible. [potion of mutation]
  5341 | D:5      | Reached skill level 5 in Stealth
  5521 | D:5      | Lost mutation: You passively map a small area around you.
                  | [potion of mutation]
  5521 | D:5      | Lost mutation: You sometimes lose the ability to read
                  | scrolls when taking damage. [potion of mutation]
  5521 | D:5      | Gained mutation: You sometimes lose the ability to read
                  | scrolls when taking damage. [potion of mutation]
  5521 | D:5      | Gained mutation: Your muscles are strong. (Str +2) [potion
                  | of mutation]
  5521 | D:5      | Gained mutation: You possess an exceptional clarity of
                  | mind. [potion of mutation]
  5963 | D:4      | Reached XP level 8. HP: 31/47 MP: 11/15
  6194 | D:5      | Reached skill level 5 in Spellcasting
  6201 | D:5      | Lost mutation: You do not regenerate when monsters are
                  | visible. [potion of mutation]
  6201 | D:5      | Lost mutation: You possess an exceptional clarity of mind.
                  | [potion of mutation]
  6201 | D:5      | Lost mutation: Your muscles are strong. (Str +2) [potion of
                  | mutation]
  6201 | D:5      | Gained mutation: You are partially covered in iridescent
                  | scales. (AC +2) [potion of mutation]
  6201 | D:5      | Gained mutation: You are partially covered in large bone
                  | plates. (SH +4) [potion of mutation]
  6270 | D:5      | Found a white marble altar of Elyvilon.
  6270 | D:5      | Found a broken altar of Ashenzari.
  6276 | D:5      | Found a glowing silver altar of Zin.
  6278 | D:5      | Found a faded altar of an unknown god.
  6280 | D:5      | Found a sacrificial altar of Ru.
  6315 | D:5      | Found a staircase to the Ecumenical Temple.
  6406 | Temple   | Entered the Ecumenical Temple
  6521 | Temple   | Became a worshipper of Sif Muna the Loreminder
  6986 | D:6      | Noticed Blork the orc
  6994 | D:6      | Killed Blork the orc
  6995 | D:6      | Reached skill level 1 in Invocations
  7222 | D:6      | Noticed Edmund
  7241 | D:6      | Killed Edmund
  7407 | D:6      | Noticed Prince Ribbit
  7420 | D:6      | Killed Prince Ribbit
  7421 | D:6      | Reached skill level 6 in Spellcasting
  7636 | D:6      | Reached skill level 7 in Spellcasting
  7636 | D:6      | Reached XP level 9. HP: 52/52 MP: 14/19
  8278 | D:6      | Reached skill level 8 in Spellcasting
  8661 | D:7      | Reached * piety under Sif Muna
  8710 | D:7      | Learned a level 3 spell: Mephitic Cloud
  8778 | D:7      | Noticed a cyan ugly thing
  8792 | D:7      | Killed a cyan ugly thing
  8793 | D:7      | Reached skill level 1 in Conjurations
  8793 | D:7      | Reached skill level 1 in Air Magic
  8793 | D:7      | Reached skill level 1 in Poison Magic
  9062 | D:3      | Bought a scroll labelled PASICV TURY for 29 gold pieces
  9062 | D:3      | Bought a ruby potion for 26 gold pieces
  9062 | D:3      | Bought a scroll of identify for 58 gold pieces
  9526 | D:8      | Reached XP level 10. HP: 57/57 MP: 15/22
  9599 | D:8      | Noticed Maurice
  9606 | D:8      | Killed Maurice
  9607 | D:8      | Reached skill level 9 in Spellcasting
  9651 | D:8      | Reached skill level 5 in Invocations
  9660 | D:8      | Learned a level 5 spell: Freezing Cloud
 10220 | D:9      | Noticed a two-headed ogre
 10225 | D:9      | Reached skill level 1 in Ice Magic
 10289 | D:9      | Killed a two-headed ogre
 10422 | D:9      | Found Nuinademn's Book Shop.
 10762 | D:9      | Noticed a two-headed ogre
 10774 | D:9      | Killed a two-headed ogre
 11413 | D:10     | Entered Level 10 of the Dungeon
 11715 | D:10     | Reached XP level 11. HP: 62/62 MP: 19/24
 11783 | D:10     | Reached skill level 5 in Ice Magic
 11805 | D:10     | Found a staircase to the Lair.
 11991 | D:10     | Reached ** piety under Sif Muna
 11992 | D:10     | Reached skill level 5 in Conjurations
 12002 | D:10     | Reached skill level 10 in Spellcasting
 12522 | D:11     | Noticed a two-headed ogre
 12607 | D:11     | Killed a two-headed ogre
 12941 | D:11     | Noticed a manticore
 12953 | D:11     | Killed a manticore
 13046 | D:11     | Noticed a two-headed ogre
 13056 | D:11     | Killed a two-headed ogre
 13107 | D:11     | Found a staircase to the Orcish Mines.
 13572 | D:12     | Noticed a skeletal warrior
 13572 | D:12     | Noticed a skeletal warrior
 13572 | D:12     | Noticed a skeletal warrior
 13572 | D:12     | Noticed a skeletal warrior
 13572 | D:12     | Noticed a skeletal warrior
 13586 | D:12     | Killed a skeletal warrior
 13599 | D:12     | Killed a skeletal warrior
 13609 | D:12     | Killed a skeletal warrior
 13610 | D:12     | Reached skill level 11 in Spellcasting
 13733 | D:12     | Noticed Fannar
 13806 | Orc:1    | Entered Level 1 of the Orcish Mines
 13833 | Orc:1    | Noticed an orc high priest
 13912 | Lair:1   | Entered Level 1 of the Lair of Beasts
 13912 | Lair:1   | Noticed Sonja
 13919 | Lair:1   | Killed Sonja
 14202 | Lair:1   | Reached XP level 12. HP: 64/67 MP: 17/27
 14527 | Lair:1   | Reached skill level 5 in Dodging
 15088 | Lair:2   | Found a runed translucent gate.
 15089 | Lair:2   | Found a runed translucent gate.
 15089 | Lair:2   | Noticed spica's ghost (journeyman MiBe)
 15090 | Lair:2   | Found a runed translucent gate.
 15125 | Lair:2   | Found a gate leading to a gauntlet.
 15145 | Gauntlet | Entered a Gauntlet
 15145 | Gauntlet | Found a transporter.
 15145 | Gauntlet | Found a transporter.
 15202 | Gauntlet | Found a transporter.
 15202 | Gauntlet | Found a transporter.
 15211 | Gauntlet | Found a transporter.
 15236 | Gauntlet | Found a transporter.
 15239 | Gauntlet | Found a transporter.
 15241 | Gauntlet | Found a transporter.
 15241 | Gauntlet | Found a transporter.
 15245 | Gauntlet | Found a transporter.
 15279 | Gauntlet | Found a transporter.
 15297 | Gauntlet | Found a transporter.
 15337 | Gauntlet | Found a transporter.
 15343 | Gauntlet | Noticed a catoblepas
 15351 | Gauntlet | Found a transporter.
 15452 | Gauntlet | Found a transporter.
 15454 | Gauntlet | Noticed a cacodemon
 15468 | Gauntlet | Found a transporter.
 16218 | Gauntlet | Learned a level 3 spell: Ignite Poison
 16227 | Gauntlet | Identified the ring "Buguc" {Fire rElec rPois Str+2 Slay-5}
 16227 | Gauntlet | Noticed a minotaur
 16238 | Gauntlet | Killed a minotaur
 16337 | Lair:2   | Reached skill level 5 in Air Magic
 16457 | Lair:2   | Reached *** piety under Sif Muna
 16530 | Lair:2   | Found a staircase to the Swamp.
 16838 | Lair:2   | Reached skill level 5 in Short Blades
 17255 | Lair:3   | Reached skill level 10 in Stealth
 17373 | Lair:3   | Reached skill level 12 in Spellcasting
 17450 | Lair:3   | Reached skill level 1 in Fighting
 17467 | Lair:3   | Noticed a seven-headed hydra
 17472 | Lair:3   | Noticed a seven-headed hydra
 17477 | Lair:3   | Killed a seven-headed hydra
 17633 | Lair:3   | Killed a seven-headed hydra
 17634 | Lair:3   | Reached XP level 13. HP: 74/74 MP: 17/29
 18406 | Lair:4   | Learned a level 7 spell: Haunt
 18648 | Lair:4   | Reached **** piety under Sif Muna
 18793 | Lair:4   | Got the Almanac of Mutagenic Earth
 18868 | Lair:4   | Found a hole to the Spider Nest.
 19097 | Lair:4   | Noticed Rupert
 19276 | Lair:4   | Noticed Snorg
 19285 | Lair:4   | Killed Snorg
 19387 | Lair:4   | Noticed an ice dragon
 19399 | Lair:4   | Killed an ice dragon
 19714 | Lair:4   | Killed Rupert
 19980 | Lair:5   | Found a runed translucent door.
 21024 | Lair:5   | Found a viscous altar of Jiyva.
 21024 | Lair:5   | Found a staircase to the Slime Pits.
 21157 | Lair:5   | Reached XP level 14. HP: 85/85 MP: 30/30
 21282 | Lair:6   | Entered Level 6 of the Lair of Beasts
 22241 | Orc:1    | Reached ***** piety under Sif Muna
 22244 | Orc:1    | Received a gift from Sif Muna
 22385 | Orc:1    | Paralysed by an orc sorcerer for 2 turns
 22481 | Orc:1    | Got Sif Muna's Disquisition on Weightlessness and Cold {god
                  | gift}
 22581 | Orc:1    | Learned a level 4 spell: Airstrike
 22758 | Orc:1    | Found Cupaeqat's Antique Weapon Emporium.
 22946 | Orc:2    | Entered Level 2 of the Orcish Mines
 23184 | Orc:2    | Reached skill level 1 in Summonings
 23184 | Orc:2    | Reached skill level 1 in Necromancy
 23264 | Orc:2    | Reached skill level 13 in Spellcasting
 23758 | Orc:2    | Found a staircase to the Elven Halls.
 23883 | Orc:2    | Received a gift from Sif Muna
 23887 | Orc:2    | Got Sif Muna's Reference Book on Congealing Confrontation
                  | {god gift}
 24376 | Orc:2    | Noticed an orc warlord
 24465 | Orc:2    | Killed an orc warlord
 24636 | Orc:2    | Found Ujoforry's Antique Armour Emporium.
 24981 | Orc:2    | Found Vayson's Antique Armour Shoppe.
 25181 | Orc:2    | Found Duim's Antique Armour Boutique.
 25210 | Orc:2    | Found Quiwn's Armour Shop.
 25825 | Elf:1    | Entered Level 1 of the Elven Halls
 25833 | Elf:1    | Reached XP level 15. HP: 90/90 MP: 14/32
 27520 | Lair:6   | Received a gift from Sif Muna
 27952 | Lair:6   | Found a large runed translucent door.
 27953 | Lair:6   | Found a large runed translucent door.
 28802 | D:3      | Bought a notched opal ring for 145 gold pieces
 29431 | D:13     | Noticed Erolcha
 29445 | D:13     | Killed Erolcha
 29743 | Lair:1   | Identified the +3 rapier of Rotation {flame, Str+5}
 30154 | D:13     | Reached skill level 5 in Summonings
 30156 | D:13     | Reached skill level 5 in Necromancy
 30271 | D:13     | Learned a level 2 spell: Passwall
 30538 | D:13     | Found a gate to the Vaults.
 30559 | D:13     | Reached skill level 10 in Earth Magic
 30578 | D:13     | Noticed Urug
 30589 | D:13     | Killed Urug
 31473 | D:14     | Received a gift from Sif Muna
 31485 | D:14     | Got Sif Muna's Compendium of the Hurtful Birds {god gift}
 31942 | D:14     | Found Ped Anu's Antique Weapon Emporium.
 32189 | D:15     | Entered Level 15 of the Dungeon
 32316 | D:15     | Reached XP level 16. HP: 36/95 MP: 21/33
 32419 | D:15     | Learned a level 5 spell: Fireball
 32430 | D:15     | Found a frozen archway.
 32436 | D:15     | Reached skill level 1 in Fire Magic
 32510 | IceCv    | Entered an ice cave
 32828 | IceCv    | Slain by an entropy weaver simulacrum

Illustrated notes

Levels and vault maps discovered:
D:1:      shiori_arrival_oz, layout_basic, shapermc_ecumenical_altar_pompeii
D:2:      minmay_angry_zag, layout_loops_ring
D:3:      layout_basic, serial_shops, nicolae_shop_statue_plus, st_stairs_4,
          minmay_snake_closets, uniq_robin
D:4:      layout_basic
D:5:      layout_basic, chequers_temple_overflow_minitemple,
          minmay_temple_entry_enclosed_plants
D:6:      old_forge, layout_basic, uniq_blork_the_orc, uniq_edmund,
          uniq_prince_ribbit1
D:7:      layout_basic
D:8:      layout_basic, corexii_leaking_fountain, kennysheep_generic_room_11,
          uniq_maurice
D:9:      layout_irregular_city, serial_shops, nicolae_inconvenience_store
D:10:     layout_roguey, david_lair_shrubbed
D:11:     layout_cave_pools, orc_0_dummy, serial_co_window_serial,
          co_window_paths_b, co_window_of_opportunity_a,
          co_window_of_opportunity_a, co_window_paths_a, co_window_corner_a,
          co_window_cross_4, co_window_broadway_c, co_window_unsneaky_path_c,
          co_window_of_opportunity_c, co_window_cross_2, co_window_2corner,
          glass_columns_c, glass_columns_c, glass_columns_a, glass_columns_b
D:12:     layout_roguey, uniq_fannar
D:13:     layout_small_grid, skrybe_vaults_entry_preservation,
          nicolae_straight_to_the_point, uniq_urug, uniq_erolcha
D:14:     layout_cave_pods, hangedman_decor_peaks_small, serial_shops, shop,
          chequers_serial_rivers_room_b
D:15:     hangedman_depths_entry_try_elsewhere_first, layout_irregular_city,
          portal_ice_cave_entry_frozen_things, nicolae_elyvilon_temple_path,
          gammafunk_ghost_abyssal_escape, minmay_gold_behind_fungi
Temple:   dpeg_five_rooms_temple
Lair:1:   layout_cave_pods, grunt_megastairs_1, infiniplex_staircase_pool,
          uniq_sonja
Lair:2:   layout_long_grid, minmay_swamp_entry_swarm, gauntlet_entry_generic,
          gammafunk_ghost_split, chequers_serial_rivers_micro_d
Lair:3:   layout_regular_city
Lair:4:   layout_cellular_growth, spider_nest_entry_rubble,
          bobbens_ice_dragon_lair, uniq_snorg, uniq_rupert
Lair:5:   layout_regular_city, slime_altar_2
Lair:6:   cheibrodos_lair_end_hotspot, layout_long_grid, kilobyte_rumbling_trees
Orc:1:    layout_caves, serial_shops, nicolae_shop_trees
Orc:2:    pubby_orc_utopia, serial_shops
Elf:1:    elf_arrival_002, layout_onion_city, serial_shops, nicolae_square_shop,
          nicolae_twisting_strands
IceCv:    ice_cave_caverns_01

Skill      XL: |  1  2  3  4  5  6  7  8  9 10 11 12 13 14 15 16 |
---------------+-------------------------------------------------+-----
Earth Magic    | 4 5 6 7 9 10 | 10.0
Spellcasting   | 3 4 7 8 9 11 12 13 | 13.7
Short Blades   | 1 2 3 5 6 7 8 |  8.0
Stealth        | 3 4 5 7 10 11 12 | 12.0
Transmutations | 2 3 |  3.0
Dodging        | 3 4 6 7 8 |  8.0
Invocations    | 4 6 7 8 9 |  9.0
Conjurations   | 2 4 5 6 8 |  8.0
Air Magic      | 2 3 4 5 7 |  7.2
Poison Magic   | 2 |  2.0
Ice Magic      | 4 5 6 |  6.0
Fighting       | 1 4 |  4.0
Summonings     | 3 6 |  6.0
Necromancy     | 3 6 |  6.0
Fire Magic     | 3 |  3.1
Staves         | |  0.3
Unarmed Combat | |  0.3

Action                   |  1- 3 |  4- 6 |  7- 9 | 10-12 | 13-15 | 16-18 || total
-------------------------+-------+-------+-------+-------+-------+-------++-------
Melee: Unarmed           |     4 |       |       |       |       |       ||     4
       Constrict         |    11 |    20 |    23 |    56 |    79 |     3 ||   192
       Tentacles         |    11 |    20 |    44 |    95 |   123 |     3 ||   296
       Dagger            |    27 |    90 |   127 |   301 |   410 |    19 ||   974
       Staff             |     2 |       |       |       |       |       ||     2
       Punch             |     2 |     1 |     3 |     7 |     6 |       ||    19
 Cast: Sandblast         |    22 |    44 |    81 |    90 |   155 |     7 ||   399
       Petrify           |       |       |    20 |    92 |   177 |    15 ||   304
       Freezing Cloud    |       |       |       |    16 |   123 |     1 ||   140
       Mephitic Cloud    |       |       |       |     2 |    33 |     2 ||    37
       Ignite Poison     |       |       |       |       |    13 |     2 ||    15
       Airstrike         |       |       |       |       |    47 |       ||    47
       Passwall          |       |       |       |       |     2 |       ||     2
       Fireball          |       |       |       |       |       |     4 ||     4
Invok: Channel Magic     |       |       |       |       |     3 |       ||     3
Evoke: Wand              |       |       |       |       |     6 |       ||     6
       Phial of floods   |       |       |       |       |     1 |       ||     1
  Use: Potion            |       |       |     4 |       |     8 |       ||    12
       Scroll            |       |       |     5 |     7 |     8 |       ||    20
 Stab: Sleeping          |     2 |    19 |     5 |     9 |    14 |     2 ||    51
       Petrified         |       |       |    40 |   127 |   134 |    13 ||   314
       Petrifying        |       |       |     4 |     8 |    24 |     1 ||    37
       Distracted        |       |       |     1 |       |       |       ||     1
       Confused          |       |       |       |     3 |     5 |       ||     8
       Invisible         |       |       |       |       |     1 |       ||     1
Armor: Skin              |     1 |    16 |    37 |    52 |    52 |       ||   158
Dodge: Dodged            |    35 |    61 |    67 |   138 |   245 |     8 ||   554
Block: Other             |       |       |    15 |     8 |       |       ||    23
       Orb               |       |       |       |    23 |    63 |     3 ||    89
